 Dungeon Crawl Stone Soup version 0.28-a0-258-g8de209e91f (webtiles) character file.

Game seed: 3801958771067341314

506 SkeletonJelly the Spear-Bearer (level 7, 56/56 HPs)
             Began as a Merfolk Chaos Knight on Aug 27, 2021.
             Was a Plaything of Xom.
             Quit the game on level 5 of the Dungeon.
             The game lasted 00:10:07 (4861 turns).

SkeletonJelly the Spear-Bearer (MfCK)               Turns: 4861, Time: 00:10:07

Health: 56/56      AC:  5    Str: 18    XL:     7   Next: 18%
Magic:  7/7        EV: 12    Int: 11    God:    Xom [.....*]
Gold:   141        SH:  0    Dex: 14    Spells: 6/6 levels left

rFire   . . .      SeeInvis +   a - +0 spear (vorpal)
rCold   . . .      Faith    .   (no shield)
rNeg    . . .      Spirit   .   b - +2 leather armour
rPois   +          Reflect  .   (no helmet)
rElec   .          Harm     .   (no cloak)
rCorr   .          Rampage  .   (no gloves)
Will    .....      Clarity  +   (no boots)
Stlth   +.........              u - amulet of regeneration
HPRegen 1.18/turn               e - ring of poison resistance
MPRegen 0.10/turn               k - ring of see invisible

@: no status effects
A: (nimble swimmer 2), mertail, claws 1, clarity, passive freeze, poison
resistance, strong 2
a: Renounce Religion


You were on level 5 of the Dungeon.
You worshipped Xom.
You were Xom's teddy bear.
You visited 1 branch of the dungeon, and saw 5 of its levels.

You collected 141 gold pieces.

Inventory:

Hand Weapons
 a - a +0 vorpal spear (weapon)
Missiles
 v - 15 poisoned darts (quivered)
 w - 3 atropa-tipped darts
Armour
 b - a +2 leather armour (worn)
 n - a +0 helmet
Jewellery
 e - a ring of poison resistance (left claw)
 k - a ring of see invisible (right claw)
 u - an amulet of regeneration (around neck)
Wands
 m - a wand of polymorph (11)
 p - a wand of acid (16)
Scrolls
 c - a scroll of fog {unknown}
 f - 2 scrolls of identify
 h - a scroll of noise {unknown}
 o - a scroll of immolation {unknown}
 q - a scroll of vulnerability {unknown}
 s - a scroll of holy word {unknown}
 t - a scroll of enchant armour {unknown}
Potions
 g - 2 potions of curing
 i - a potion of heal wounds {unknown}
 j - 3 potions of attraction
 l - a potion of haste
 r - a potion of cancellation


   Skills:
 + Level 5.6 Fighting
 * Level 9.7 Polearms
 - Level 0.6 Armour
 - Level 2.6 Dodging


You had 6 spell levels left.
You didn't know any spells.
Your spell library contained the following spells:

 Spells                   Type           Power      Damage    Failure   Level
 Foxfire                  Conj/Fire      0%         2x1d4     38%         1
 Conjure Flame            Conj/Fire      0%         6-21      77%         3
 Inner Flame              Hex/Fire       0%         N/A       77%         3


Dungeon Overview and Level Annotations

Branches:
Dungeon (5/15)
 Temple: D:4-7

Altars:
Hepliaklqana
Nemelex Xobeh
The Shining One


Innate Abilities, Weirdness & Mutations

((You are quick and stealthy near water. (Stealth+, EV+, Speed+++)))
Your lower body shifts to a powerful aquatic tail in water.
You have sharp fingernails.
You possess an exceptional clarity of mind.
A frigid envelope surrounds you and freezes all who hurt you.
Your system is resistant to poisons. (rPois)
Your muscles are very strong. (Str +4)


Message History

a +0 dagger; a +0 chain mail Health restored: 56 You now have 141 gold pieces (gained 10).
A worm comes into view.
A worm is nearby!
A worm is nearby!
A worm is nearby!
Found a potion of curing.
Found a stone staircase leading up.
You barely miss the worm. You hit the worm.
Space warps horribly around the worm!!
You kill the worm!
No target in view!
No target in view!
No target in view!
No target in view!
No target in view!
Found 4 boomerangs.
g - 2 potions of curing (gained 1) Key pressed, stopping explore.
Key pressed, stopping explore.
There is a stone staircase leading up here.
Key pressed, stopping explore.
There is a stone staircase leading up here.
Key pressed, stopping explore.
You see here a jackal skeleton.
You see here a jackal skeleton.
Found a scroll labelled BIH GUIHOKO.
t - a scroll labelled BIH GUIHOKO
Found 15 poisoned darts.
Found a large silver amulet.
Found a hazy altar of Hepliaklqana.
Natasha, Servant of Life and Death comes into view.
Natasha hisses angrily.
You see here an amulet of regeneration.
Found 22 sling bullets.
You reach to attack!
You miss Natasha.
You reach to attack!
You puncture Natasha!
Natasha's magic leaks into the air.
Natasha is heavily wounded.
You closely miss Natasha.
Natasha is heavily wounded.
Natasha claws you.
You take 5 damage, and have 51/56 hp.
You closely miss Natasha.
Natasha is heavily wounded.
You hit Natasha but do no damage.
Natasha is poisoned.
Natasha is heavily wounded.
Natasha claws you but does no damage.
Natasha is very cold.
Natasha is almost dead.
You hit Natasha.
You kill Natasha!
Natasha growls in agony!
No target in view!
No target in view!
No target in view!
No target in view!
No target in view!
u - an amulet of regeneration Health restored: 56 You start putting on your amulet.
You continue putting on your amulet of regeneration. x5
You finish putting on your amulet of regeneration.
The amulet throbs as it attunes itself to your uninjured body.
u - an amulet of regeneration (around neck)
You see here the felid corpse of Natasha.
You see here the felid corpse of Natasha.
Key pressed, stopping explore.
You see here 15 poisoned darts.
Key pressed, stopping explore.
Done exploring.
Done exploring.
Done exploring.
Done exploring.
Done exploring.
Search for what [Enter for "."]? .
You see here 15 poisoned darts.
v - 15 poisoned darts Search for what [Enter for "."]? .
Things that are here:
a +0 dagger; a +0 chain mail You see here 3 atropa-tipped darts.
w - 3 atropa-tipped darts Search for what [Enter for "."]? .
There is a stone staircase leading down here.
You climb downwards.
Found a hand axe and 19 bolts.
Found an escape hatch in the floor.
There is a stone staircase leading up here.
As you read the scroll labelled SYMUZX MAYCUJ, it crumbles to dust.
It is a scroll of identify.
j - 3 potions of attraction
Okay, then.
Unknown command.
Unknown command.
Unknown command.
As you read the scroll labelled MYDIEMN IGEZXIE, it crumbles to dust.
It is a scroll of brand weapon.
Your +0 spear of chaos emits a brilliant flash of light!
a - a +0 vorpal spear (weapon)
Are you sure you want to abandon this character and quit the game? (Confirm with "yes".)
Okay, then.
Are you sure you want to abandon this character and quit the game? (Confirm with "yes".)

. .. ######
..#
##....##.(.#
#.........).
+...........
#...@.......
########>...
#


There were no monsters in sight!

Vanquished Creatures
  Grinder (D:4)
  A jelly (D:4)
  Ijyb (D:4)
  Natasha (D:4)
  Terence (D:2)
  A killer bee zombie (D:3)
  Robin (D:3)
  4 gnolls (D:3)
  2 adders
  3 worms
  3 dart slugs
  2 orcs
  4 endoplasms
  2 giant cockroaches
  6 hobgoblins
  9 jackals
  5 kobolds
  4 quokkas
  4 ball pythons
  6 bats
  A frilled lizard (D:2)
  18 goblins
  4 rats
84 creatures vanquished.

Vanquished Creatures (collateral kills)
  2 orc wizards (D:2)
  An orc (D:2)
  A frilled lizard (D:2)
4 creatures vanquished.

Vanquished Creatures (others)
  A plant (D:3)
1 creature vanquished.

Grand Total: 89 creatures vanquished

Notes
Turn   | Place    | Note
-------+----------+-------------------------------------------
     0 | D:1      | SkeletonJelly the Merfolk Chaos Knight began the quest for
                  | the Orb.
     0 | D:1      | Reached XP level 1. HP: 18/18 MP: 1/1
    92 | D:1      | XOM: silly message
   172 | D:1      | Found a faded altar of an unknown god.
   314 | D:1      | Reached XP level 2. HP: 24/24 MP: 2/2
   322 | D:1      | Reached skill level 5 in Polearms
   561 | D:1      | Reached XP level 3. HP: 30/30 MP: 3/3
   842 | D:2      | XOM: 1-stop teleportation journey
   849 | D:2      | XOM: enchant monster (good)
   852 | D:2      | Reached skill level 6 in Polearms
   853 | D:2      | XOM: cast spell 'Summon Mana Viper'
   857 | D:2      | Reached XP level 4. HP: 19/37 MP: 4/4
  1012 | D:2      | XOM: 1-stop teleportation journey
  1074 | D:2      | Noticed a glowing shapeshifter
  1074 | D:2      | an adder changed into a glowing shapeshifter
  1074 | D:2      | Noticed a death drake
  1074 | D:2      | a glowing shapeshifter changed into a death drake
  1085 | D:1      | Noticed an elephant
  1085 | D:1      | a death drake changed into an elephant
  1089 | D:1      | Noticed a yaktaur
  1095 | D:1      | XOM: swap monsters
  1099 | D:1      | Noticed a harpy
  1099 | D:1      | a yaktaur changed into a harpy
  1101 | D:1      | Noticed a meliai
  1101 | D:1      | a harpy changed into a meliai
  1102 | D:1      | Noticed a black mamba
  1102 | D:1      | a meliai changed into a black mamba
  1112 | D:2      | Found a glowing golden altar of the Shining One.
  1112 | D:2      | XOM: 4-stop teleportation journey
  1208 | D:2      | Noticed Terence
  1213 | D:2      | Killed Terence
  1646 | D:2      | Reached skill level 7 in Polearms
  1675 | D:2      | XOM: 2-stop teleportation journey
  1884 | D:2      | Reached XP level 5. HP: 43/43 MP: 5/5
  2067 | D:2      | XOM: summons 3 hostile demons
  2108 | D:1      | Noticed a harpy
  2108 | D:1      | a black mamba changed into a harpy
  2113 | D:1      | Noticed a human
  2113 | D:1      | a harpy changed into a human
  2122 | D:1      | Noticed a meliai
  2575 | D:3      | XOM: 3-stop teleportation journey
  2620 | D:3      | XOM: 5-stop teleportation journey
  2750 | D:3      | XOM: god gift: wand of polymorph (11)
  2762 | D:3      | Noticed Robin
  2813 | D:3      | XOM: give mutations
  2813 | D:3      | Gained mutation: A frigid envelope surrounds you and
                  | freezes all who hurt you. [Xom's grace]
  2813 | D:3      | Gained mutation: You possess an exceptional clarity of
                  | mind. [Xom's grace]
  2886 | D:3      | Killed Robin
  3095 | D:3      | XOM: give mutations
  3095 | D:3      | Gained mutation: Your muscles are strong. (Str +2) [Xom's
                  | grace]
  3095 | D:3      | Gained mutation: You have sharp fingernails. [Xom's grace]
  3095 | D:3      | Gained mutation: Your muscles are very strong. (Str +4)
                  | [Xom's grace]
  3095 | D:3      | Gained mutation: Your system is resistant to poisons.
                  | (rPois) [Xom's grace]
  3162 | D:3      | XOM: scenery: summon butterflies
  3298 | D:3      | XOM: god gift: wand of acid (12)
  3435 | D:3      | Reached skill level 8 in Polearms
  3520 | D:3      | XOM: god gift: dagger {god gift}
  3616 | D:3      | Found a glowing golden altar of the Shining One.
  3624 | D:3      | Reached XP level 6. HP: 45/50 MP: 6/6
  3667 | D:3      | XOM: 1-stop teleportation journey
  3730 | D:3      | Found a sparkling altar of Nemelex Xobeh.
  4036 | D:4      | Reached skill level 5 in Fighting
  4048 | D:4      | Noticed Grinder
  4055 | D:4      | XOM: confuse monster(s)
  4059 | D:4      | Killed Grinder
  4060 | D:4      | Reached skill level 9 in Polearms
  4060 | D:4      | Reached XP level 7. HP: 35/56 MP: 7/7
  4309 | D:4      | Noticed Ijyb
  4319 | D:4      | Killed Ijyb
  4681 | D:4      | Found a hazy altar of Hepliaklqana.
  4684 | D:4      | Noticed Natasha
  4691 | D:4      | Killed Natasha
  4858 | D:5      | Entered Level 5 of the Dungeon
  4861 | D:5      | Quit the game

Illustrated notes

Levels and vault maps discovered:
D:1:      dpeg_arrival_ternary, layout_loops_ring, ebering_ecumenical_altar_box
D:2:      layout_basic, basic_altar, minmay_split_cup_small, uniq_terence
D:3:      layout_loops_ring, nemelex_dance_club_becter,
          mainiacjoe_overflow_alcove_1, serial_bayou_lagoon_b, uniq_robin
D:4:      layout_loops_ring, mainiacjoe_overflow_tiny_flanked, uniq_grinder,
          uniq_ijyb, uniq_natasha
D:5:      layout_gridville, lemuel_doored_altar, fedhas_altar_2, temple_pool_b,
          minivault_23, uniq_crazy_yiuf_cottage

Skill      XL: |  1  2  3  4  5  6 |
---------------+-------------------+-----
Polearms       | 5 6 7 8 9 |  9.7
Fighting       | 4 5 |  5.6
Armour         | |  0.6
Dodging        | |  2.6

Action                   |  1- 3 |  4- 6 |  7- 9 || total
-------------------------+-------+-------+-------++-------
Melee: Spear             |    97 |   168 |    24 ||   289
       Tailslap          |       |     1 |       ||     1
Evoke: Wand              |       |       |     1 ||     1
  Use: Potion            |     1 |     2 |       ||     3
       Scroll            |       |       |     2 ||     2
 Stab: Sleeping          |     2 |     3 |       ||     5
       Paralysed         |     1 |       |       ||     1
       Petrifying        |       |       |     1 ||     1
Armor: Leather armour    |    39 |    35 |     5 ||    79
Dodge: Dodged            |    34 |    62 |     5 ||   101

Table legend: (Time is in decaauts)
 A = Elapsed time spent in this place.
 B = Non-inter-level travel time spent in this place.
 C = Inter-level travel time spent in this place.
 D = Time resting spent in this place.
 E = Time spent auto-exploring this place.
 F = Levels seen in this place.
 G = Mean time per level.
                   A        B        C        D        E       F      G
               +--------+--------+--------+--------+--------+-----+--------+
         Total |   4725 |   4497 |    228 |      0 |   3870 |   5 |  945.0 |
       Dungeon |   4725 |   4497 |    228 |      0 |   3870 |   5 |  945.0 |
               +--------+--------+--------+--------+--------+-----+--------+

Top non-repeatable levels by time:
     D:2: 1785 daAuts
     D:3: 1278 daAuts
     D:4: 972 daAuts
     D:1: 686 daAuts
     D:5: 2 daAuts
